[Event "Early-Titled-Tuesday-Blitz-April-02-2024"]
[Site "Chess.com"]
[Date "2024.04.02"]
[Round "11"]
[White "WiktoriaPOL"]
[Black "Slovineanu"]
[Result "1-0"]
[WhiteElo "2350"]
[BlackElo "2451"]
[TimeControl "180+1"]
[EndTime "10:08:15 PDT"]
[Termination "WiktoriaPOL won by resignation"]

1. c4 e5 2. Nc3 Bb4 3. Nd5 Be7 4. Nf3 d6 5. d4 exd4 6. Nxd4 Nf6 7. Nxe7 Qxe7 8.
Bg5 h6 9. Bh4 O-O 10. e3 Nc6 11. Be2 Nxd4 12. Qxd4 Qe5 13. Bxf6 Qxf6 14. Qxf6 gxf6 15.
O-O Be6 16. b3 a5 17. Bf3 Rab8 18. Rac1 b6 19. Bc6 Rfd8 20. e4 Kf8 21. f4 Bd7 22. Bxd7 Rxd7 23. Rf3 Re7 24. Re1 Rbe8 25. Rfe3 f5 26. e5 dxe5 27. fxe5 Re6 28. Kf2 Rd8 29.
R1e2 Kg7 30. Rg3+ Kh7 31. Rf3 Kg6 32. h4 Rd4 33. g3 h5 34. Rf4 Rd3 35. Rf3 Rd4 36.
Rfe3 Rd1 37. Kg2 Rd4 38. Rf3 Rd1 39. Rf1 Rd4 40. Rfe1 f4 41. gxf4 Kf5 42. Rf2 c5 43. Ref1 Rg6+ 44. Kh3 Rg4 45. Rf3 Rgxf4 46. Rxf4+ Rxf4 47. Re1 Re4 48. Rf1+ Ke6 49. Rf6+ Kxe5 50. Rxf7 Re2 51.
Re7+ Kd4 52. Rxe2 1-0

[Event "Early-Titled-Tuesday-Blitz-April-02-2024"]
[Site "Chess.com"]
[Date "2024.04.02"]
[Round "11"]
[White "emeli_chess"]
[Black "ketster"]
[Result "0-1"]
[WhiteElo "2421"]
[BlackElo "2594"]
[TimeControl "180+1"]
[EndTime "10:08:16 PDT"]
[Termination "ketster won on time"]

1. d4 d5 2. c4 e6 3. Nc3 c5 4. cxd5 cxd4 5. Qa4+ Bd7 6. Qxd4 exd5 7. Qxd5 Nf6 8. Qd1 Bb4 9. Nf3 O-O 10. e3 Qc7 11.
Be2 Ne4 12. O-O Nxc3 13. bxc3 Bxc3 14. Rb1 Bc6 15. Nd4 Rd8 16. Qc2 Bxd4 17. exd4 Rxd4 18. Bb2 Rh4 19. h3 Nd7 20. Qf5 Rh6 21. Rbc1 Qb6 22.
Ba1 Rg6 23. Bf3 Nf8 24. Bxc6 Rxc6 25. Rxc6 Qxc6 26. Re1 Re8 27. Rxe8 Qxe8 28. Qe5 Qxe5 29. Bxe5 f6 30. Bd4 a6 31. f3 Kf7 32. Kf2 Ke6 33. Ke3 Kd5 34. Kd3 Ne6 35. Bb6 Nc5+ 36. Ke3 Nd7 37. Bd4 Ne5 38. f4 Nc4+ 39. Kd3 b5 40.
g4 Nd6 41. h4 Ne4 42. h5 a5 43. g5 fxg5 44. fxg5 g6 45. hxg6 hxg6 46. Be3 b4 47. Bc1 a4 48. a3 b3 49. Bb2 Nxg5 50. Kc3 Kc5 51. Bc1 Ne4+ 52. Kb2 Nd6 53. Kc3 Nb5+ 54. Kb2 Kc4 0-1

[Event "Early-Titled-Tuesday-Blitz-April-02-2024"]
[Site "Chess.com"]
[Date "2024.04.02"]
[Round "11"]
[White "Maurijs"]
[Black "zmarian"]
[Result "1/2-1/2"]
[WhiteElo "2284"]
[BlackElo "2345"]
[TimeControl "180+1"]
[EndTime "10:08:16 PDT"]
[Termination "Game drawn - insufficient material"]

1. d4 Nf6 2. Nf3 e6 3. c4 b6 4. a3 a5 5. Nc3 Bb7 6. Bg5 Be7 7. e3 O-O 8. Be2 d5 9. O-O Nbd7 10. Rc1 c6 11. Bd3 h6 12. Bh4 Re8 13. Re1 dxc4 14. Bxc4 b5 15. Bd3 Nb6 16. Bxf6 Bxf6 17. Ne4 Be7 18. Nc5 Bxc5 19. Rxc5 Nd7 20. Rc1 Qe7 21. Be4 Nf6 22. Bxc6 Bxc6 23. Rxc6 Nd5 24. Qd3 Qb7 25. Rec1 Ra7 26. h3 Rb8 27. R6c5 b4 28. a4 b3 29. Rb5 Qa8 30. Ne5 Rab7 31. Rxb7 Qxb7 32. Rc5 Qb4 33. Rb5 Rxb5 34. Qxb5 Qe1+ 35. Qf1 Qb4 36. Qb5 Qe1+ 37. Kh2 Qxf2 38. Qe8+ Kh7 39. Qxf7 Qxf7 40. Nxf7 Nxe3 41. Nd6 Nd1 42. Nc4 Kg6 43. Nxa5 Nxb2 44. Nxb3 Nxa4 45.
Kg3 Kf5 46. Kf3 Nb6 47. g4+ Kf6 48. Ke4 Nd5 49. Nc5 g5 50. Nd7+ Ke7 51. Ne5 Nf4 52.
h4 Nd5 53. hxg5 hxg5 54. Nf3 Nf6+ 55. Kd3 Nxg4 56. Nxg5 Kd6 57. Ne4+ Kd5 58. Nc3+ Kd6 59. Ke4 Nf6+ 60. Kd3 Ng4 61. Nd1 e5 62. dxe5+ Kxe5 1/2-1/2

[Event "Early-Titled-Tuesday-Blitz-April-02-2024"]
[Site "Chess.com"]
[Date "2024.04.02"]
[Round "11"]
[White "mightysmasher"]
[Black "atalz0"]
[Result "1-0"]
[WhiteElo "2575"]
[BlackElo "2391"]
[TimeControl "180+1"]
[EndTime "10:08:17 PDT"]
[Termination "mightysmasher won on time"]

1. e4 d5 2. exd5 Nf6 3. Bb5+ Bd7 4. Bxd7+ Qxd7 5. c4 e6 6. dxe6 fxe6 7. Nf3 Nc6 8. O-O O-O-O 9. a3 e5 10. b4 e4 11. Ne1 Qd4 12. Nc2 Qxc4 13. Ne3 Qe6 14. Nc3 Nd4 15. Qa4 Kb8 16. Bb2 Nb3 17. Rad1 Nxd2 18.
Rfe1 Be7 19. Nb5 a6 20. Nd4 Rxd4 21. Bxd4 Nc4 22. Nxc4 Qxc4 23. Qa5 Bd6 24. Bxf6 gxf6 25. Qf5 Re8 26. Qh5 Qe6 27. Qh3 f5 28. f3 e3 29.
Re2 Qg6 30. Rde1 f4 31. Kh1 Rg8 32. Rg1 h5 33. g3 fxg3 34. hxg3 Qd3 35. Reg2 e2 36.
Qe6 Rf8 37. Qxe2 Qxf3 38. Qxf3 Rxf3 39. Rh2 Bxg3 40. Rxh5 Bd6 41. Ra1 Rb3 42. Kg2 b6 43. Kf2 Kb7 44. Ke2 Rb2+ 45. Kd3 Rg2 46. Rh7 Rg3+ 47. Kc2 Rg2+ 48. Kb3 Rg3+ 49. Kc2 Rg2+ 50.
Kd3 Rg3+ 51. Ke4 Rb3 52. Rd1 Kb8 53. Rd3 Rb1 54. Kd5 Rc1 55. Ke6 Rc2 56. Kd7 Kb7 57. Kd8 1-0

[Event "Early-Titled-Tuesday-Blitz-April-02-2024"]
[Site "Chess.com"]
[Date "2024.04.02"]
[Round "11"]
[White "PavelChernomordik"]
[Black "Likvidator228"]
[Result "0-1"]
[WhiteElo "2440"]
[BlackElo "2563"]
[TimeControl "180+1"]
[EndTime "10:08:19 PDT"]
[Termination "Likvidator228 won on time"]

1. e4 c5 2. Nc3 Nc6 3. g3 g6 4. Bg2 Bg7 5. f4 e6 6. d3 Nge7 7. Be3 b6 8. e5 d5 9. exd6 Qxd6 10.
Ne4 Qd7 11. Nf3 Bb7 12. O-O O-O 13. Nc3 Rad8 14. Qe1 Nf5 15. Bf2 Nfd4 16. Rc1 Rfe8 17. Ne4 Nxf3+ 18. Bxf3 Bxb2 19. c3 Qe7 20. Rc2 Ba3 21.
g4 f6 22. Bh4 Rf8 23. Qb1 Rxd3 24. Re2 c4 25. f5 Ne5 26. Bg2 g5 27. Bg3 exf5 28.
gxf5 Kh8 29. Nxg5 Bxg2 30. Kxg2 Qb7+ 31. Ne4 Rxc3 32. Qa1 Bb4 33. a3 Ba5 34. Qd1 Rd3 35. Qc2 Qd5 36. Kg1 Qd4+ 37. Kh1 Qd5 38. Kg1 Ng4 39.
h3 Ne3 40. Rxe3 Rxe3 41. Rf4 Rd8 42. Nxf6 Rxg3+ 43. Kh2 Rc3 44. Qxc3 Bxc3 45. Nxd5 Rxd5 46. Rxc4 Bf6 0-1

[Event "Early-Titled-Tuesday-Blitz-April-02-2024"]
[Site "Chess.com"]
[Date "2024.04.02"]
[Round "11"]
[White "Boxerandchessplayer"]
[Black "margarita_2703"]
[Result "1/2-1/2"]
[WhiteElo "2221"]
[BlackElo "2312"]
[TimeControl "180+1"]
[EndTime "10:08:20 PDT"]
[Termination "Game drawn by repetition"]

1. d4 h6 2. c4 e6 3. Nc3 d5 4.
cxd5 exd5 5. Bf4 c6 6. e3 Bd6 7.
Bxd6 Qxd6 8. Nf3 Bf5 9. Bd3 Bxd3 10. Qxd3 Nd7 11. O-O Ngf6 12. a3 O-O 13. b4 Rfe8 14. Rab1 Ne4 15. a4 Nxc3 16. Qxc3 b6 17. Rfc1 Rac8 18. h3 Rc7 19. Qd2 Rec8 20. Rc2 a6 21.
Rbc1 Nf6 22. a5 bxa5 23. bxa5 c5 24. dxc5 Rxc5 25. Nd4 Ne4 26. Qe2 Rxc2 27. Rxc2 Rxc2 28. Qxc2 Qc5 29. Qxc5 Nxc5 30. Kf1 Ne6 31. Nc2 Nc5 32. Nb4 Nb7 33. Nxd5 Nxa5 34. Nc7 Nc4 35. Nxa6 h5 36.
Ke2 h4 37. Nc5 f6 38. Ne6 Kf7 39. Nf4 g5 40. Nd3 Ke6 41. Ne1 Ne5 42. Nf3 Ng6 43.
Nd4+ Kd5 44. f3 Ke5 45. Nc6+ Kd6 46. Nb4 Kc5 47. Nd3+ Kd5 48. Nf2 Ke5 49. Kd3 f5 50.
Ke2 Ne7 51. Nd3+ Kd5 52. f4 g4 53. Nf2 g3 54. Nd1 Nc6 55. Kf3 Nb4 56. Nc3+ Kc4 57. Ne2 Nd3 58. Nd4 Ne1+ 59. Ke2 Nxg2 60. Nxf5 Kd5 61.
Kf3 Ne1+ 62. Ke2 g2 63. Kf2 Ke4 64. Nxh4 Nd3+ 65. Kxg2 Kxe3 66. f5 Kf4 67. Kh2 Kg5 68. Kg2 Kxh4 69. Kf3 Ne5+ 70. Ke4 Nf7 71. f6 Kg5 72. h4+ Kxf6 73. Kf4 Nh6 74. h5 Kg7 75. Ke4 Kh7 76. Kf4 Kg7 77. Kg5 Nf7+ 78. Kh4 Nh6 79. Kg5 Nf7+ 80. Kh4 Nh8 81. Kg5 Nf7+ 1/2-1/2

[Event "Early-Titled-Tuesday-Blitz-April-02-2024"]
[Site "Chess.com"]
[Date "2024.04.02"]
[Round "11"]
[White "SharapovEvgeny"]
[Black "Byniolus"]
[Result "0-1"]
[WhiteElo "2579"]
[BlackElo "2792"]
[TimeControl "180+1"]
[EndTime "10:08:22 PDT"]
[Termination "Byniolus won by resignation"]

1. e4 d5 2. Nc3 dxe4 3. Nxe4 Nc6 4. Nf3 Bg4 5. h3 Bh5 6. d3 e5 7. Be2 Be7 8. O-O Bg6 9. Ng3 Nf6 10. b3 O-O 11. Bb2 Bd6 12. Nd2 Nd4 13. Nc4 Re8 14.
Nxd6 Qxd6 15. Bf3 c6 16. Ne4 Nxe4 17. Bxe4 f5 18. Bf3 Rad8 19. Bxd4 Qxd4 20. Bh5 Re6 21. Bxg6 Rxg6 22. Qf3 Qd5 23. Qxd5+ cxd5 24. Rfe1 Re6 25. c4 Kf7 26. Rad1 Kf6 27. Kf1 Ra6 28. a4 Rb6 29. Rb1 dxc4 30. dxc4 a5 31. Ke2 e4 32.
Red1 Rxd1 33. Kxd1 Ke5 34. Kc2 Rd6 35. h4 f4 36. Re1 Kf5 37. Kc3 h6 38. c5 Rd3+ 39. Kc4 Rd2 40. Rf1 Kg4 41. Kb5 Rb2 42. Kxa5 Rxb3 43.
Re1 e3 44. fxe3 fxe3 45. Re2 Kxh4 46. Rc2 Kg3 47. c6 bxc6 48. Ka6 g5 49. a5 h5 50. Ka7 g4 51. a6 h4 52. Ka8 h3 53. gxh3 gxh3 54.
a7 Ra3 55. Kb7 h2 56. Rc3 Rxa7+ 57. Kxa7 h1=Q 58. Rxe3+ Kf4 0-1

[Event "Early-Titled-Tuesday-Blitz-April-02-2024"]
[Site "Chess.com"]
[Date "2024.04.02"]
[Round "11"]
[White "AsaHoffmann"]
[Black "noblerone"]
[Result "0-1"]
[WhiteElo "2416"]
[BlackElo "2551"]
[TimeControl "180+1"]
[EndTime "10:08:22 PDT"]
[Termination "noblerone won on time"]

1. d4 d5 2. Bg5 h6 3. Bh4 c6 4. e3 Qb6 5. b3 Bf5 6. Bd3 e6 7.
Bxf5 exf5 8. Qd3 g6 9. Nd2 Nd7 10. Ne2 Ngf6 11. f3 Bb4 12. c3 Be7 13. O-O Qd8 14. Rae1 O-O 15. h3 Nh7 16. Bg3 Ndf6 17. e4 fxe4 18. fxe4 dxe4 19. Nxe4 Nxe4 20. Qxe4 Bf6 21.
Nf4 Bg7 22. Nd3 Ng5 23. Qf4 Ne6 24. Qe3 Nxd4 25. Rd1 Nf5 26. Rxf5 gxf5 27. Nf2 Qa5 28. c4 Rae8 29. Qf3 Qxa2 30. Qxf5 Qe2 31. Rf1 Qe6 32. Qf3 Qe3 33. Qg4 Qxb3 34. Bd6 Qe3 35. Bxf8 Rxf8 36. Qf5 a6 37. Qd7 b5 38. Qxc6 bxc4 39. Qxc4 a5 40.
Kh1 Qc3 41. Qa4 Qb4 42. Qd7 a4 43. Ng4 a3 44. Qa7 Qb2 45. Rf2 Qb1+ 46. Kh2 Qb3 47. Qa5 Rb8 48. Qf5 a2 49. Rf1 Qb2 50. Qxf7+ Kh8 51.
Rf2 a1=Q 52. Rxb2 Qxb2 53. Qh5 Qb6 54. h4 Qd6+ 55. Kh3 Rf8 56. g3 Qe6 57. Qg6 Qxg6 0-1

[Event "Early-Titled-Tuesday-Blitz-April-02-2024"]
[Site "Chess.com"]
[Date "2024.04.02"]
[Round "11"]
[White "zeitnotakrobat"]
[Black "microbear"]
[Result "0-1"]
[WhiteElo "2174"]
[BlackElo "2369"]
[TimeControl "180+1"]
[EndTime "10:08:22 PDT"]
[Termination "microbear won by resignation"]

1. Nf3 Nf6 2. c4 g6 3. b4 Bg7 4. Bb2 O-O 5. g3 a5 6. a3 axb4 7. axb4 Rxa1 8. Bxa1 d5 9. cxd5 Nxd5 10. Bxg7 Kxg7 11.
Qb3 b6 12. Bg2 Bb7 13. O-O Nc6 14. b5 Na5 15. Qb2+ f6 16. d3 e5 17. Nbd2 Qd7 18. h4 h5 19. Rc1 Rc8 20. e4 Ne7 21. d4 exd4 22. Qxd4 Qxd4 23. Nxd4 c5 24. bxc6 Nexc6 25. Nb5 Rd8 26. Nc4 Nxc4 27. Rxc4 Rd7 28. Nc3 Rd4 29.
Rxd4 Nxd4 30. f4 b5 31. Na2 Nc2 32. Kf2 b4 33. Nc1 Nd4 34. Ke3 b3 35. Nd3 Nf5+ 36. exf5 Bxg2 37. fxg6 Kxg6 38. Kd2 Kf5 39. Kc3 Kg4 40.
Kxb3 Kxg3 41. f5 Kxh4 42. Kc4 Be4 43. Nf4 Bxf5 44. Nd5 Kg5 45. Kd4 h4 46. Ke3 Be6 47. Nc3 Kg6 48. Kf4 h3 49. Kg3 Kg5 50. Ne2 Bg4 51. Nf4 f5 52. Nd5 Kg6 53. Nf4+ Kf6 54.
Nxh3 Bxh3 55. Kxh3 Ke5 56. Kg2 Ke4 57. Kg1 Kf3 58.
Kf1 f4 59. Kg1 Ke2 60. Kg2 f3+ 61. Kg3 f2 0-1

[Event "Early-Titled-Tuesday-Blitz-April-02-2024"]
[Site "Chess.com"]
[Date "2024.04.02"]
[Round "11"]
[White "vovachesss"]
[Black "lefonghua"]
[Result "1/2-1/2"]
[WhiteElo "2803"]
[BlackElo "2622"]
[TimeControl "180+1"]
[EndTime "10:08:25 PDT"]
[Termination "Game drawn by repetition"]

1. e4 c5 2. Nf3 g6 3. d4 cxd4 4. Qxd4 Nf6 5. Nc3 Nc6 6. Qa4 d6 7. e5 dxe5 8. Nxe5 Bg7 9. Bb5 O-O 10. Nxc6 bxc6 11. Bxc6 Bd7 12. O-O Rc8 13. Bxd7 Qxd7 14. Qxd7 Nxd7 15. Nd5 Rxc2 16. Nxe7+ Kh8 17. Be3 Rxb2 18. a4 a5 19. Nc6 Rc2 20. Rac1 Ra2 21. Rc4 Ne5 22. Nxe5 Bxe5 23. Rc5 Bf6 24. Rxa5 Rc8 25.
Ra6 Kg7 26. a5 Rc4 27. g3 Rca4 28. Bb6 Bd4 29. Bd8 h5 30. Kg2 Bc3 31. Rc1 Bd4 32. Rf1 Bc3 33. Rc6 Bxa5 34. Bf6+ Kh7 35. Rc8 g5 36. Bxg5 Kg6 37. Be3 Re4 38. Rc6+ f6 39. Kf3 Re5 40. Ra6 Rf5+ 41. Kg2 Rc2 42. Rd1 Bc3 43. Rd3 Be1 44. Ra1 Bxf2 45. Bxf2 Rfxf2+ 46. Kg1 Rg2+ 47. Kf1 Rxh2 48. Kg1 Rcg2+ 49. Kf1 Kg5 50.
Ra5+ f5 51. Rf3 Rb2 52. Rfxf5+ Kg6 53. Rg5+ Kf6 54. Raf5+ Ke6 55. Kg1 Rbg2+ 56. Kf1 Rxg3 57. Re5+ Kd6 58. Rd5+ Ke6 59. Rde5+ Kd6 60. Rd5+ Ke6 61. Rde5+ 1/2-1/2

[Event "Early-Titled-Tuesday-Blitz-April-02-2024"]
[Site "Chess.com"]
[Date "2024.04.02"]
[Round "11"]
[White "Zkid"]
[Black "sonicdravise"]
[Result "0-1"]
[WhiteElo "2856"]
[BlackElo "2634"]
[TimeControl "180+1"]
[EndTime "10:08:26 PDT"]
[Termination "sonicdravise won by checkmate"]

1. e4 c5 2. Nf3 Nc6 3. d4 cxd4 4. Nxd4 Nf6 5. Nc3 d6 6. Bg5 e6 7. Qd2 a6 8. O-O-O h6 9. Nxc6 bxc6 10. Bf4 d5 11. Qe3 Bb4 12. e5 Nd7 13. Qg3 Kf8 14. h4 Qa5 15. a3 Bxc3 16. Qxc3 Qxc3 17. bxc3 Nc5 18. Be3 Ne4 19. c4 f6 20. exf6 gxf6 21. Bd3 Nd6 22. Bc5 Ke7 23. Rhe1 Kd7 24. Re3 a5 25.
Rde1 e5 26. Rg3 Ba6 27. f4 e4 28. Rg7+ Ke6 29. Be2 h5 30. g4 hxg4 31. Bxg4+ f5 32. Rg6+ Kf7 33. Rxd6 fxg4 34. cxd5 cxd5 35. Rxd5 Rxh4 36.
Rxe4 Rc8 37. Rd7+ Kf6 38. Bd4+ Kf5 39. Re5+ Kxf4 40. Rf7+ Kg3 41. Bf2+ Kh3 42. Re3+ g3 43. Bxg3 Rhc4 44. Be5+ Kh4 45. Rg3 Rxc2+ 46. Kb1 Rc1+ 47. Kb2 R8c2+ 48. Kb3 Bc4+ 49. Ka4 Bxf7 50. Rg7 Be8+ 51. Kb3 Rc5 52. Bd4 a4+ 53. Kb2 R5c2# 0-1

[Event "Early-Titled-Tuesday-Blitz-April-02-2024"]
[Site "Chess.com"]
[Date "2024.04.02"]
[Round "11"]
[White "IshviAggarwal"]
[Black "SaiHanThiha"]
[Result "0-1"]
[WhiteElo "2136"]
[BlackElo "2595"]
[TimeControl "180+1"]
[EndTime "10:08:26 PDT"]
[Termination "SaiHanThiha won on time"]

1. d4 Nf6 2. c4 g6 3. g3 Bg7 4.
Bg2 O-O 5. Nc3 d6 6. Nf3 c6 7.
O-O Qa5 8. e4 Bg4 9. h3 Bxf3 10.
Bxf3 e5 11. Be3 Nbd7 12. Bg2 exd4 13. Qxd4 Nd5 14. Qd3 Ne5 15. Qe2 Nxc3 16. bxc3 Qxc3 17. Rac1 Qa3 18. Rfd1 Rfe8 19. c5 Rad8 20. f4 Bh6 21. cxd6 Rxd6 22. Rxd6 Qxd6 23. fxe5 Bxe3+ 24. Qxe3 Qxe5 25. Qxa7 Qxg3 26. Qf2 Qg5 27. Rf1 Re7 28. Kh1 h5 29.
h4 Qe5 30. Rd1 Kg7 31. Rd8 Qa1+ 32. Kh2 Qe5+ 33. Qg3 Qb2 34. Qd6 Qe5+ 35. Qxe5+ Rxe5 36. Rd7 Rb5 37. Kg3 Kf6 38. Bf1 Rb2 39. Bc4 Ke5 40. Bxf7 Rb1 41. Bb3 Rg1+ 42. Kf2 Rg4 43. Rxb7 Rf4+ 44.
Kg3 Rg4+ 45. Kh3 Kxe4 46. Rb4+ Kf3 47. Rxg4 hxg4+ 48. Kh2 Kf2 0-1

[Event "Early-Titled-Tuesday-Blitz-April-02-2024"]
[Site "Chess.com"]
[Date "2024.04.02"]
[Round "11"]
[White "Matibar"]
[Black "jcibarra"]
[Result "1-0"]
[WhiteElo "2786"]
[BlackElo "2970"]
[TimeControl "180+1"]
[EndTime "10:08:28 PDT"]
[Termination "Matibar won on time"]

1. e4 c5 2. Nf3 e6 3. d4 cxd4 4. Nxd4 Bc5 5. Nb3 Bb6 6. Nc3 Ne7 7. Bd3 O-O 8. O-O f5 9. exf5 Nxf5 10. Qg4 d5 11.
Bg5 Qe8 12. Rae1 Qg6 13. h3 Nc6 14. Bf4 Qf7 15. Na4 Bd8 16. Bxf5 Qxf5 17. Qxf5 Rxf5 18. Bd6 b6 19. Rd1 Bd7 20. Rfe1 Bh4 21. Bg3 Bf6 22. Nc3 Nb4 23. Re2 Rc8 24. Nd4 Rh5 25.
a3 Bxd4 26. Rxd4 Nc6 27. Rd1 Rf5 28. Nb5 Rf6 29. Nd6 Rcf8 30. c4 Ne7 31. Bh4 e5 32.
Rxe5 Ng6 33. Bxf6 Rxf6 34. Rexd5 Bc6 35. R5d2 Nf4 36. f3 Re6 37. Kh2 h5 38. Nf5 Re5 39. Nd4 Bb7 40. g3 Ng6 41. Re2 Rc5 42.
b3 Rc7 43. Re8+ Kh7 44. Re3 Rf7 45. Rdd3 h4 46. gxh4 Nf4 47. Rd2 Rd7 48. b4 Rc7 49.
Rc3 Bc8 50. Nb5 Rf7 51. Nd6 Rd7 52. Rcc2 Ba6 53. b5 Bb7 54. Nxb7 Rxb7 55. c5 bxc5 56. Rxc5 Ng6 57. h5 Ne7 58. a4 Ng8 59. a5 Rd7 60.
Rxd7 1-0

[Event "Early-Titled-Tuesday-Blitz-April-02-2024"]
[Site "Chess.com"]
[Date "2024.04.02"]
[Round "11"]
[White "ExchangeAB"]
[Black "GMthekingindian"]
[Result "0-1"]
[WhiteElo "2463"]
[BlackElo "2259"]
[TimeControl "180+1"]
[EndTime "10:08:29 PDT"]
[Termination "GMthekingindian won by resignation"]

1. d4 d5 2. Nf3 c6 3. Bf4 Nf6 4. e3 e6 5. c4 Bd6 6. Bxd6 Qxd6 7. Nc3 Nbd7 8. cxd5 exd5 9. Bd3 O-O 10. O-O Re8 11.
Rc1 h6 12. a3 a5 13. Bb1 Ne4 14. Nxe4 dxe4 15. Nd2 f5 16. Qb3+ Kh8 17. Nc4 Qg6 18.
g3 b5 19. Nd2 Nb6 20. Qc3 Bd7 21. Ba2 Rac8 22. Qc5 Na4 23. Qa7 Be6 24. Bxe6 Qxe6 25. b3 Ra8 26. Qc7 Rec8 27. Qf4 Nb2 28. Rc5 Nd3 29. Qxf5 Nxc5 30. Qxc5 a4 31. b4 Rf8 32.
Qc2 Rae8 33. Rc1 Rf6 34. Nb1 Qf5 35. f4 exf3 36. Qxf5 Rxf5 37. Kf2 Rf6 38. Nd2 g5 39. g4 h5 40. h3 hxg4 41. hxg4 Kg7 42. Rc5 Rh8 43.
Nf1 Kg6 44. e4 Rf4 45. Rxc6+ Rf6 46. Rxf6+ Kxf6 47. Kxf3 Rc8 48. e5+ Ke6 49. Ke4 Rc3 50.
d5+ Ke7 51. Ne3 Rxa3 52. Nf5+ Kd8 53. d6 Ra1 54. e6 Re1+ 55. Kd5 a3 56. Nh6 Rd1+ 57.
Kc6 a2 58. Nf7+ Ke8 59. d7+ Ke7 60. Ne5 Kxe6 61. Nd3 Rxd3 62. d8=Q Rxd8 0-1

[Event "Early-Titled-Tuesday-Blitz-April-02-2024"]
[Site "Chess.com"]
[Date "2024.04.02"]
[Round "11"]
[White "chess123456s"]
[Black "MathiasWomacka"]
[Result "1-0"]
[WhiteElo "2589"]
[BlackElo "2482"]
[TimeControl "180+1"]
[EndTime "10:08:33 PDT"]
[Termination "chess123456s won by resignation"]

1. d4 Nf6 2. Nc3 d5 3. Bf4 a6 4. e3 e6 5. a3 c5 6. Nf3 Nc6 7. Bd3 Bd6 8. Bxd6 Qxd6 9. dxc5 Qxc5 10. O-O O-O 11. e4 d4 12. Ne2 e5 13. Ng3 h6 14. Nh4 Be6 15. Nhf5 Ne7 16. Qf3 Nxf5 17. Nxf5 Kh7 18. Kh1 Ng8 19. Ng3 g6 20. Qe2 Nf6 21.
f4 exf4 22. Rxf4 Nd7 23. Raf1 Ne5 24. h3 Rac8 25. Qf2 b5 26. Rf6 Kg7 27. Qf4 Nd7 28.
Nh5+ Kh7 29. e5 Qxe5 30. Qxe5 Nxe5 31. Nf4 Bc4 32. Nxg6 Nxg6 33. Bxg6+ Kg7 34. Bd3 Bxd3 35. cxd3 Rc2 36. R1f2 Rxf2 37. Rxf2 Rc8 38. Kh2 Rc1 39. Rd2 Kf6 40. Kg3 Rf1 41. Rf2+ Rxf2 42. Kxf2 Kf5 43.
Kf3 h5 44. g3 f6 45. b4 Ke5 46.
Kf2 Kf5 47. Kg2 Ke5 48. Kf3 Kf5 49. h4 Ke5 50. g4 hxg4+ 51. Kxg4 f5+ 52. Kg5 f4 53.
Kg4 f3 54. Kxf3 Kf5 55. h5 Kg5 56. Ke4 Kxh5 57. Kxd4 Kg5 58. Kc5 Kf5 59. d4 Ke4 60. d5 Kd3 61. d6 Kc3 62. d7 Kb3 63. d8=Q Kxa3 64. Qa5+ 1-0

[Event "Early-Titled-Tuesday-Blitz-April-02-2024"]
[Site "Chess.com"]
[Date "2024.04.02"]
[Round "11"]
[White "temus_galaktionov"]
[Black "Zurability"]
[Result "1/2-1/2"]
[WhiteElo "2843"]
[BlackElo "2709"]
[TimeControl "180+1"]
[EndTime "10:08:36 PDT"]
[Termination "Game drawn - insufficient material"]

1. d4 Nf6 2. Nf3 e6 3. c4 b6 4.
g3 Bb7 5. Bg2 Bb4+ 6. Bd2 Bxd2+ 7. Qxd2 O-O 8. Nc3 d6 9. O-O Nbd7 10. Qc2 Qe7 11. e4 e5 12. d5 a5 13. a3 g6 14. b4 axb4 15. axb4 c6 16. Qb2 cxd5 17. cxd5 Rfc8 18. Nd2 Ne8 19. Rfc1 Qd8 20. Bh3 Rxa1 21. Rxa1 Ra8 22. Rc1 Ndf6 23. Nc4 Ba6 24. b5 Bc8 25. Bg2 Nd7 26. Ra1 Rxa1+ 27. Qxa1 Qc7 28. Bf1 Nc5 29. Qa8 Kf8 30. Qc6 Qd8 31. Nxb6 Bb7 32. Nd7+ Qxd7 33. Qb6 Qc7 34. Qa7 f5 35. b6 Qc8 36. exf5 gxf5 37. Bb5 Nf6 38. Bc6 Bxc6 39. dxc6 Qxc6 40. Qb8+ Ke7 41.
Qh8 Qxb6 42. Qg7+ Ke6 43. Qxf6+ Kxf6 44. Nd5+ Ke6 45. Nxb6 d5 46. Kf1 Kd6 47. Ke2 Kc6 48.
Nc8 Kd7 49. Nb6+ Kd6 50. Nc8+ Ke6 51. h3 d4 52. g4 e4 53. gxf5+ Kxf5 54. Nd6+ Kf4 55.
Ne8 Nb3 56. Nf6 d3+ 57. Ke1 Kf3 58. Nxh7 d2+ 59. Kd1 Kxf2 60. Ng5 e3 61. Ne4+ Kf3 62. Nc3 Nc5 63. h4 Nd3 64. h5 Nf2+ 65. Kc2 e2 66. Kxd2 Ng4 67. Nxe2 Nh6 68. Nd4+ Kg4 69. Ne6 Kxh5 1/2-1/2

[Event "Early-Titled-Tuesday-Blitz-April-02-2024"]
[Site "Chess.com"]
[Date "2024.04.02"]
[Round "11"]
[White "Bauman_Guy"]
[Black "scarabee43"]
[Result "1-0"]
[WhiteElo "2918"]
[BlackElo "2826"]
[TimeControl "180+1"]
[EndTime "10:08:37 PDT"]
[Termination "Bauman_Guy won by resignation"]

1. e4 c5 2. Nf3 e6 3. d4 cxd4 4. Nxd4 Nc6 5. Nc3 Qc7 6. g3 a6 7.
Bg2 Nf6 8. O-O Nxd4 9. Qxd4 Bc5 10. Qd3 h6 11. Be3 O-O 12. a4 d6 13. Rfd1 Bxe3 14. Qxe3 Rd8 15. e5 dxe5 16. Rxd8+ Qxd8 17. Qxe5 Qb6 18. Ne4 Nxe4 19. Bxe4 Bd7 20. a5 Qb4 21. Rd1 Be8 22.
h4 Rc8 23. Kg2 Qe7 24. Qd6 Qf6 25. c3 Bc6 26. Bxc6 Rxc6 27. Qd8+ Qxd8 28. Rxd8+ Kh7 29. Rd7 b6 30. Rxf7 bxa5 31. Rb7 a4 32. Rb4 a3 33. bxa3 Rxc3 34. Ra4 Rc6 35. h5 Kg8 36. Kf3 Kf7 37.
Ke4 Ke7 38. Ra5 Kd6 39. Kd4 Rb6 40. f4 Rc6 41. Ra4 Rb6 42. Rb4 Rxb4+ 43. axb4 Kc6 44. Kc4 Kb6 45. g4 Kc6 46. g5 Kb6 47. gxh6 gxh6 48. Kc3 Kb5 49. Kb3 a5 50. bxa5 Kxa5 51. Kc4 Kb6 52.
Kd4 Kc6 53. Ke5 Kd7 54. Kf6 Kd6 55. Kg6 Ke7 56. Kxh6 Kf6 57. Kh7 Kf5 58. h6 Kxf4 59. Kg6 e5 60. h7 e4 61. h8=Q e3 62. Qh1 e2 63. Qe1 Kf3 64. Kf5 1-0

[Event "Early-Titled-Tuesday-Blitz-April-02-2024"]
[Site "Chess.com"]
[Date "2024.04.02"]
[Round "11"]
[White "Maxfan2008"]
[Black "CSB7"]
[Result "0-1"]
[WhiteElo "2586"]
[BlackElo "2769"]
[TimeControl "180+1"]
[EndTime "10:08:38 PDT"]
[Termination "CSB7 won on time"]

1. d4 Nf6 2. c4 a6 3. Nc3 b5 4.
cxb5 axb5 5. Nxb5 e5 6. dxe5 Ne4 7. Nc3 Bb4 8. Qc2 d5 9. Nf3 Bf5 10. Qb3 Nc6 11. e3 Ra3 12. bxa3 Bxc3+ 13. Bd2 Bxa1 14.
Bb5 Bd7 15. Qxd5 Nxd2 16. Kxd2 Bb2 17. Rb1 O-O 18. Rxb2 Qa8 19. Qxd7 Rd8 20. Bxc6 Rxd7+ 21. Bxd7 g6 22. e6 Qxa3 23. Rc2 Kg7 24. Nd4 fxe6 25. Bxe6 c5 26. Nb3 Qa6 27. Bc4 Qd6+ 28. Ke2 Qxh2 29.
Bd5 Qe5 30. Bf3 h5 31. Nxc5 h4 32. Nd3 Qb5 33. Rb2 Qa6 34. Be4 g5 35. Rb7+ Kf6 36. Rb2 g4 37. f3 h3 38. gxh3 gxh3 39. Kf1 Qd6 40. Kg1 Qg3+ 41. Kh1 Ke7 42. Rf2 Qg5 43. Nf4 Qg3 44. Rf1 Kd8 45. a4 Qg5 46. Ra1 Qc5 47.
Rd1+ Ke8 48. Bg6+ Ke7 49. Rd5 Qc1+ 50. Kh2 Qxe3 51. Kxh3 Qxf3+ 52. Kh4 Qxf4+ 53. Kh5 Qf3+ 54. Kh6 Qxd5 55. Be4 Qxe4 0-1

[Event "Early-Titled-Tuesday-Blitz-April-02-2024"]
[Site "Chess.com"]
[Date "2024.04.02"]
[Round "11"]
[White "Donskov_AN"]
[Black "Boundless_Strike"]
[Result "0-1"]
[WhiteElo "2374"]
[BlackElo "2631"]
[TimeControl "180+1"]
[EndTime "10:08:38 PDT"]
[Termination "Boundless_Strike won by resignation"]

1. e4 e5 2. Nf3 d5 3. Nxe5 Qe7 4. d4 f6 5. Nd3 dxe4 6. Nf4 Qf7 7. Be2 Bd6 8. c4 Nc6 9. Nc3 Nge7 10. Nxe4 Bxf4 11. Bxf4 Bf5 12. Nc3 O-O-O 13. d5 g5 14. Be3 Nb4 15. O-O Nc2 16. Rc1 Nxe3 17. fxe3 Kb8 18.
e4 Bg6 19. e5 Nf5 20. e6 Qe7 21. Qd2 Qxe6 22. dxe6 Rxd2 23. Bg4 Ne3 24. Bf3 Nxf1 25.
Rxf1 Re8 26. Bg4 f5 27. Bxf5 Bxf5 28. Rxf5 c6 29. Re5 Rd6 30. e7 Rd7 31. Rxg5 Rexe7 32. h3 Rd2 33. Na4 b6 34. b4 Rxa2 35. Nc3 Rc2 36. Rg3 Re1+ 37. Kh2 Re7 38. b5 cxb5 39. cxb5 Rd7 40.
Rf3 Kb7 41. Ne4 Rc4 42. Nf6 Rf7 43. g4 Rc5 44. h4 h6 45. Kg3 Rxb5 46. Ne4 Rxf3+ 47.
Kxf3 Kc6 48. Kf4 Kd7 49. g5 hxg5+ 50. hxg5 Ke7 51. g6 Rb4 52. Kf5 Rxe4 53. g7 Kf7 54.
g8=Q+ Kxg8 55. Kxe4 Kf7 56. Kd4 Ke7 0-1